 Dungeon Crawl Stone Soup version 0.30-a0-241-g1121274140 (webtiles) character file.

Game seed: 11760773785961226119

31 lunkers the Magician (level 3, -3/26 HPs)
             Began as a Meteoran Wanderer on Oct 11, 2022.
             Slain by an iguana (9 damage)
             ... on level 3 of the Dungeon.
             The game lasted 00:01:42 (673 turns).

lunkers the Magician (Meteoran Wanderer)             Turns: 673, Time: 00:01:43

Health: -3/26      AC:  5    Str: 14    XL:     3   Next: 61%
Magic:  9/9        EV: 11    Int: 15    God:
Gold:   110        SH:  0    Dex: 13    Spells: 6/10 levels left

rFire   . . .      SeeInvis .    j - +1 dagger (venom)
rCold   + . .      Faith    .    (no shield)
rNeg    . . .      Spirit   .    d - +0 leather armour
rPois   .          Reflect  .    (no helmet)
rElec   .          Harm     .    p - +0 cloak
rCorr   .          Rampage  .    (no gloves)
Will    .....                    h - +0 pair of boots
Stlth   +.........               (no amulet)
HPRegen 0.24/turn                l - ring of protection from cold
MPRegen 0.11/turn                (no ring)

@: glowing
A: sense surroundings 1, otherworldly, glowing, explore regen
a: no special abilities


You were on level 3 of the Dungeon.
You visited 1 branch of the dungeon, and saw 3 of its levels.

You collected 110 gold pieces.

Inventory:

Hand Weapons
 a - a +0 dagger
 g - a +0 dagger of venom
 j - a +1 dagger of venom (weapon)
 q - a +1 dagger of speed
Missiles
 b - 8 poisoned darts
Armour
 d - a +0 leather armour (worn)
 h - a +0 pair of boots (worn)
 p - a +0 cloak (worn)
Jewellery
 l - a ring of protection from cold (left hand)
Scrolls
 c - a scroll of fog
 e - a scroll of silence {unknown}
 n - a scroll of identify {unknown}
 o - a scroll of fear {unknown}
 r - a scroll of enchant weapon {unknown}
 t - a scroll of amnesia {unknown}
Potions
 f - a potion of lignification {unknown}
 i - a potion of invisibility {unknown}
 k - a potion of flight {unknown}
 m - 2 potions of degeneration {unknown}
 s - a potion of magic {unknown}


   Skills:
 + Level 3.1 Short Blades
 - Level 3.6 Throwing
 - Level 1.0 Stealth
 - Level 4.0 Spellcasting
 - Level 2.4 Transmutations
 - Level 1.2 Evocations


You had 6 spell levels left.
You knew the following spells:

 Your Spells              Type           Power      Damage    Failure   Level
b - Foxfire               Conj/Fire      12%        2x1d4     22%         1
c - Passwall              Tmut/Erth      5%         N/A       22%         2
p - Beastly Appendage     Tmut           20%        N/A       9%          1

Your spell library contained the following spells:

 Spells                   Type           Power      Damage    Failure   Level
 Inner Flame              Hex/Fire       3%         N/A       56%         3
 Petrify                  Tmut/Erth      6%         N/A       80%         4


Dungeon Overview and Level Annotations

Branches:
Dungeon (3/15) Zot: 1135

Altars:


Innate Abilities, Weirdness & Mutations

You passively map a small area around you.
You are easily found by Zot.
You glow in the dark.
You regain HP and MP as you explore.


Message History

No target in view!
You now have 92 gold pieces (gained 7).
Found a dagger.
No target in view!
No target in view!
No target in view!
You see here a +0 dagger.
You now have 110 gold pieces (gained 18).
Key pressed, stopping explore.
No target in view!
No target in view!
No target in view!
No target in view!
s - a glowing dark potion No target in view!
No target in view!
No target in view!
Found a stone staircase leading down.
No target in view!
No target in view!
No target in view!
t - a scroll labelled UZOPLE KIFIO No target in view!
No target in view!
No target in view!
An iguana comes into view.
The iguana hisses angrily.
A ball python comes into view.
The iguana bites you!
* * * LOW HITPOINT WARNING * * *
You hit the iguana.
The iguana is poisoned.
The iguana is moderately wounded.
You hit the iguana but do no damage.
The iguana looks as sick as possible!
The iguana is moderately wounded.
The iguana bites you!
* * * LOW HITPOINT WARNING * * *
You hit the iguana.
The iguana looks as sick as possible!
The iguana is heavily wounded.
The iguana bites you!
You die...

#.# , , #.#
* #.# , ,
#.# , #.#
*,* * #.#
** , , #.#
* *
#.####.##.#
,
#..@lS.....
######.##.#
, * , , *
*, , , , ,


You could see an iguana (extremely poisoned) and a ball python.

Vanquished Creatures
  An adder (D:2)
  3 endoplasms
  2 giant cockroaches
  3 goblins (D:2)
  2 hobgoblins
  3 kobolds
  A quokka (D:1)
  A ball python (D:1)
  A bat (D:2)
  2 frilled lizards (D:1)
  2 rats
21 creatures vanquished.

Vanquished Creatures (others)
  4 toadstools (D:1)
4 creatures vanquished.

Grand Total: 25 creatures vanquished

Notes
Turn   | Place    | Note
-------+----------+-------------------------------------------
     0 | D:1      | lunkers the Meteoran Wanderer began the quest for the Orb.
     0 | D:1      | lunkers set off with the following items: a +0 dagger, 8
                  | poisoned darts, a scroll of fog, a +0 leather armour; and
                  | the following spells available to memorise: Beastly
                  | Appendage, Passwall, Foxfire, Inner Flame, Petrify.
     0 | D:1      | Reached XP level 1. HP: 14/14 MP: 6/6
   106 | D:1      | Learned a level 1 spell: Beastly Appendage
   108 | D:1      | Learned a level 1 spell: Foxfire
   136 | D:1      | Reached skill level 1 in Short Blades
   162 | D:1      | Reached XP level 2. HP: 17/20 MP: 8/8
   320 | D:2      | Reached XP level 3. HP: 26/26 MP: 9/9
   554 | D:3      | Learned a level 2 spell: Passwall
   673 | D:3      | Slain by an iguana

Illustrated notes

Levels and vault maps discovered:
D:1:      ldierk_walled_garden_2, layout_loops_ring
D:2:      layout_basic
D:3:      layout_loops_ring, lemuel_zombie_altar_yredelemnul,
          nicolae_qazlal_general_emergency, ebering_ecumenical_altar_mist

Skill      XL: |  1  2  3 |
---------------+----------+-----
Short Blades   | 1 2 3 |  3.1
Throwing       | |  3.6
Stealth        | |  1.0
Spellcasting   | |  4.0
Transmutations | |  2.4
Evocations     | |  1.2

Action                   || total
-------------------------++-------
Melee: Dagger            ||    85
       Kick              ||     1
       Punch             ||     1
 Cast: Beastly Appendage ||     1
Armor: Leather armour    ||    32
Dodge: Dodged            ||    28

Table legend: (Time is in decaauts)
 A = Elapsed time spent in this place.
 B = Non-inter-level travel time spent in this place.
 C = Inter-level travel time spent in this place.
 D = Time resting spent in this place.
 E = Time spent auto-exploring this place.
 F = Levels seen in this place.
 G = Mean time per level.
                   A        B        C        D        E       F      G
               +--------+--------+--------+--------+--------+-----+--------+
         Total |    663 |    642 |     21 |      0 |    452 |   3 |  221.0 |
       Dungeon |    663 |    642 |     21 |      0 |    452 |   3 |  221.0 |
               +--------+--------+--------+--------+--------+-----+--------+

Top non-repeatable levels by time:
     D:2: 283 daAuts
     D:1: 257 daAuts
     D:3: 122 daAuts
